 Dungeon Crawl Stone Soup version 0.29-a0-664-gff9cad4a3d (webtiles) character file.

Game seed: 2819204235900725175

58 Anon1729 the Ducker (level 4, -7/37 HPs)
             Began as a Merfolk Monk on June 22, 2022.
             Was a Priest of Vehumet.
             Mangled by a gnoll
             ... wielding a +0 halberd
              (14 damage)
             ... on level 2 of the Dungeon.
             The game lasted 00:02:45 (2692 turns).

Anon1729 the Ducker (Merfolk Monk)                  Turns: 2692, Time: 00:02:45

Health: -7/37      AC:  2    Str: 11    XL:     4   Next: 2%
Magic:  4/5        EV: 14    Int: 11    God:    Vehumet [***...]
Gold:   138        SH:  0    Dex: 16    Spells: 4/5 levels left

rFire   . . .      SeeInvis .     - Unarmed
rCold   . . .      Faith    .   (no shield)
rNeg    . . .      Spirit   .   a - +0 robe
rPois   .          Reflect  .   (no helmet)
rElec   .          Harm     .   (no cloak)
rCorr   .          Rampage  .   (no gloves)
Will    .....                   (no boots)
Stlth   ++........              (no amulet)
HPRegen 0.12/turn               (no ring)
MPRegen 0.09/turn               (no ring)

@: no status effects
A: (nimble swimmer 2), mertail
a: Renounce Religion


You were on level 2 of the Dungeon.
You worshipped Vehumet.
Vehumet was most pleased with you.
You visited 1 branch of the dungeon, and saw 2 of its levels.

You collected 138 gold pieces.

Inventory:

Hand Weapons
 h - a +1 dagger of venom
Armour
 a - a +0 robe (worn)
Wands
 m - a wand of charming (8)
Scrolls
 d - 2 scrolls of identify {unknown}
 e - a scroll of fear {unknown}
 f - a scroll of torment {unknown}
 j - a scroll of amnesia {unknown}
Potions
 b - a potion of ambrosia
 c - a potion of invisibility {unknown}
 g - a potion of heal wounds {unknown}
 i - a potion of degeneration {unknown}
 k - a potion of curing {unknown}
 l - a potion of brilliance {unknown}
 n - a potion of magic {unknown}


   Skills:
 + Level 3.7 Fighting
 + Level 4.5 Dodging
 + Level 2.9 Stealth
 + Level 3.8 Unarmed Combat
 * Level 1.2 Spellcasting


You had 4 spell levels left.
You knew the following spells:

 Your Spells              Type           Power      Damage    Failure   Level
a - Sandblast             Erth           0%         2d4       9%          1

Your spell library contained the following spells:

 Spells                   Type           Power      Damage    Failure   Level
 Static Discharge         Conj/Air       0%         N/A       13%         2
 Gell's Gravitas          Tloc           0%         N/A       67%         3
 Teleport Other           Tloc           0%         N/A       67%         3
 Dispersal                Tloc           0%         N/A       100%        6


Dungeon Overview and Level Annotations

Branches:
Dungeon (2/15)

Altars:
Vehumet


Innate Abilities, Weirdness & Mutations

((You are very nimble when in or above water. (Stealth+, EV+, Speed+++)))
Your lower body shifts to a powerful aquatic tail in water.


Message History

Press: ? - help, Shift-Dir - straight line, f - gnoll
Aim: a gnoll, wielding a +0 halberd (81% to hit)
The blast of sand hits the gnoll.
The gnoll is lightly wounded.
The gnoll misses you. The gnoll completely misses you.
Casting: Sandblast (safe; 9% risk of failure)
Confirm with . or Enter, or press ? or * to list all spells.
Aiming: Sandblast (safe; 9% risk of failure)
Press: ? - help, Shift-Dir - straight line, f/p - gnoll
Aim: a gnoll, wielding a +0 halberd (lightly wounded, 81% to hit)
You miscast Sandblast.
You are very lightly contaminated with residual magic.
Nothing appears to happen.
The gnoll barely misses you.
The gnoll hits you from afar with a +0 halberd!
The gnoll barely misses you.
You see here a quokka corpse.
You hit the gnoll.
The gnoll is moderately wounded.
The gnoll barely misses you.
You hit the gnoll but do no damage.
The gnoll is moderately wounded.
The gnoll barely misses you.
You barely miss the gnoll.
The gnoll is moderately wounded.
The gnoll barely misses you.
You barely miss the gnoll.
The gnoll is moderately wounded.
The gnoll hits you with a +0 halberd.
Your magical contamination has completely faded away.
You barely miss the gnoll.
The gnoll is moderately wounded.
The gnoll hits you with a +0 halberd!
* * * LOW HITPOINT WARNING * * *
You barely miss the gnoll. You punch the gnoll.
The gnoll is moderately wounded.
The gnoll closely misses you.
You hit the gnoll.
The gnoll is severely wounded.
The gnoll hits you with a +0 halberd!
You die...

..........##'########
#..............#####.
#..........r......##.
#.................##.
#.........##.#....##.
#......r####.##'#....
#######.# #....#.g#.
#.#######.#########r.#.
#.....@g..#.....#.#..#.
###########.###.#......
#........#.# #.#.#####
####........#.###.#......
#...............<.#...###
#......####.......##..#..
#......#..+.....r.##..##.
#.....('.##.....g.##..#..
#......####.....g.##..#..


You could see a gnoll.

Vanquished Creatures
  An adder (D:2)
  7 ball pythons
  4 bats
  4 endoplasms
  A giant cockroach (D:2)
  3 goblins
  4 hobgoblins (D:1)
  2 jackals (D:1)
  9 kobolds
  4 quokkas
  2 frilled lizards
  6 rats
47 creatures vanquished.

Vanquished Creatures (others)
  A plant (D:1)
1 creature vanquished.

Grand Total: 48 creatures vanquished

Notes
Turn   | Place    | Note
-------+----------+-------------------------------------------
     0 | D:1      | Anon1729 the Merfolk Monk began the quest for the Orb.
     0 | D:1      | Reached XP level 1. HP: 18/18 MP: 1/1
   548 | D:1      | Found a faded altar of an unknown god.
   563 | D:1      | Reached XP level 2. HP: 18/24 MP: 2/2
   587 | D:1      | Prayed at the altar of an unknown god.
   587 | D:1      | Became a worshipper of Vehumet
   587 | D:1      | Reached * piety under Vehumet
   587 | D:1      | Offered knowledge of Sandblast by Vehumet.
   587 | D:1      | Reached ** piety under Vehumet
   746 | D:1      | Learned a level 1 spell: Sandblast
   873 | D:1      | Offered knowledge of Scorch by Vehumet.
   930 | D:1      | Reached XP level 3. HP: 14/29 MP: 3/3
  1123 | D:1      | Offered knowledge of Static Discharge by Vehumet.
  1357 | D:1      | Reached *** piety under Vehumet
  2149 | D:2      | Reached skill level 1 in Spellcasting
  2650 | D:2      | Reached XP level 4. HP: 37/37 MP: 5/5
  2692 | D:2      | Mangled by a gnoll

Illustrated notes

Levels and vault maps discovered:
D:1:      co_arrival_random_square_maze, layout_loops_ring, serial_forest,
          infiniplex_forest_lined_2, infiniplex_forest_clump_tiny,
          infiniplex_forest_clump_small, infiniplex_forest_lined_room_,
          infiniplex_forest_end_double, infiniplex_forest_lined_3,
          infiniplex_forest_lined_room_2, infiniplex_forest_straight_1,
          shapermc_ecumenical_altar_starsandcircs, minmay_hexomino_u4
D:2:      layout_basic

Skill      XL: |  1  2  3 |
---------------+----------+-----
Spellcasting   | 1 |  1.2
Fighting       | |  3.7
Dodging        | |  4.5
Stealth        | |  2.9
Unarmed Combat | |  3.8

Action                   |  1- 3 |  4- 6 || total
-------------------------+-------+-------++-------
Melee: Unarmed           |   151 |     9 ||   160
       Punch             |     2 |     1 ||     3
 Cast: Sandblast         |     2 |     2 ||     4
  Use: Potion            |     1 |       ||     1
 Stab: Sleeping          |     6 |       ||     6
Armor: Robe              |    19 |       ||    19
Dodge: Dodged            |   117 |     9 ||   126

Table legend: (Time is in decaauts)
 A = Elapsed time spent in this place.
 B = Non-inter-level travel time spent in this place.
 C = Inter-level travel time spent in this place.
 D = Time resting spent in this place.
 E = Time spent auto-exploring this place.
 F = Levels seen in this place.
 G = Mean time per level.
                   A        B        C        D        E       F      G
               +--------+--------+--------+--------+--------+-----+--------+
         Total |   2685 |   2639 |     46 |    230 |   1980 |   2 | 1342.5 |
       Dungeon |   2685 |   2639 |     46 |    230 |   1980 |   2 | 1342.5 |
               +--------+--------+--------+--------+--------+-----+--------+

Top non-repeatable levels by time:
     D:1: 1993 daAuts
     D:2: 691 daAuts
